 Dungeon Crawl Stone Soup version 0.22-a0-38-gc6ec8ce517 (webtiles) character file.

91 Manul the Ducker (level 4, 0/36 HPs)
             Began as a Spriggan Abyssal Knight on Jan 4, 2018.
             Was a Believer of Lugonu.
             Slain by a goblin
             ... wielding a +0 club
             ... led by Robin
              (3 damage)
             ... on level 2 of the Dungeon.
             The game lasted 00:05:42 (2104 turns).

Manul the Ducker (Spriggan Abyssal Knight)          Turns: 2104, Time: 00:05:43

Health: 0/36       AC: 22    Str:  8    XL:     4   Next: 33%
Magic:  6/6        EV:  4    Int: 13    God:    Lugonu [**....]
Gold:   153        SH:  0    Dex: 16    Spells: 2/3 levels left

rFire    . . .     SeeInvis +   a - +1 short sword
rCold    . . .     Gourm    .   (shield restricted)
rNeg     + + +     Faith    .   (armour currently unavailable)
rPois    +         Spirit   .   (helmet currently unavailable)
rElec    .         Reflect  .   (cloak currently unavailable)
rCorr    .         Harm     .   (gloves unavailable)
MR       .....     NoTele   +   (boots unavailable)
Stlth    ++........             (no amulet)
HPRegen  0.12/turn              (no ring)
MPRegen  0.10/turn              (no ring)

@: tree-form
A: very small, unfitting armour, see invisible, herbivore, slow metabolism 2
a: Depart the Abyss, Bend Space, Renounce Religion


You were on level 2 of the Dungeon.
You worshipped Lugonu.
Lugonu was pleased with you.
You were not hungry.
You were a tree.
You visited 1 branch of the dungeon, and saw 2 of its levels.
You visited the Abyss 1 time.

You collected 153 gold pieces.

Inventory:

Hand Weapons
 a - a +1 short sword (weapon)
Missiles
 m - 20 stones (quivered)
Armour
 b - a +0 robe (melded)
 i - a +0 cloak (melded)
Scrolls
 k - a scroll of teleportation {unknown}
 l - a scroll of remove curse {unknown}
 n - 2 scrolls of enchant weapon {unknown}
 o - a scroll of identify
 q - a scroll of magic mapping {unknown}
 s - a scroll of amnesia
Potions
 e - 2 potions of cancellation
 f - a potion of ambrosia
 g - 3 potions of haste
 h - 2 potions of lignification
 j - a potion of curing
Books
 d - a book of Annihilations

   Spells                             Type                      Level
   a - Poison Arrow                   Conjuration/Poison           6
   b - Chain Lightning                Conjuration/Air              8
   c - Lehudib's Crystal Spear        Conjuration/Earth            8
   d - Glaciate                       Conjuration/Ice              9
   e - Fire Storm                     Conjuration/Fire             9
 r - a book of Cantrips

   Spells                             Type                      Level
   a - Confusing Touch                Hexes                        1
   b - Animate Skeleton               Necromancy                   1
   c - Summon Small Mammal            Summoning                    1
   d - Apportation                    Translocation                1
Comestibles
 c - 2 rations


   Skills:
 + Level 3.1 Fighting
 + Level 3.2 Short Blades
 - Level 0.4 Throwing
 + Level 4.4 Dodging
 * Level 2.3 Stealth
 + Level 1.9 Invocations


You had 2 spell levels left.
You knew the following spells:

 Your Spells              Type           Power        Failure   Level  Hunger
a - Animate Skeleton      Necr           N/A          30%         1    ##.....


Dungeon Overview and Level Annotations

Branches:
Dungeon (2/15)

Altars:

Annotations:
D:2 Robin


Innate Abilities, Weirdness & Mutations

You are very small and have problems with some larger weapons.
You are too small for most types of armour.
You have supernaturally acute eyesight. (SInv)
You are a herbivore.
((You cover ground extremely quickly.))
You need consume almost no food.


Message History

* * * LOW HITPOINT WARNING * * *
The goblin closely misses you.
It was a potion of cancellation.
Your magical effects are unravelling.
You feel magically purged.
You feel less invigorated.
You float gracefully downwards.
You feel less confused. The goblin hits you with a dagger.
* * * LOW HITPOINT WARNING * * *
The goblin hits you but does no damage. The goblin misses you.
The goblin completely misses you. The goblin hits you with a club.
* * * LOW HITPOINT WARNING * * *
The goblin misses you. The goblin hits you.
* * * LOW HITPOINT WARNING * * *
Unknown command.
It was a potion of lignification.
You turn into a tree.
Your +0 cloak melds into your body.
Your +0 robe melds into your body.
Your roots penetrate the ground.
The goblin barely misses you.
The goblin hits you but does no damage. x3; The goblin hits you with a club.
You die...

#.........#
###'########.....##.
###########
#.........##.....##.
#.........##.....#
#.....(...#####+#.
####.........# .
#............# .
#...>.......(#
#....ggg.....#
#...gg♣g.....#
.....ggg###.....
.....ggg# .....
.......g. .....
......... ....
...###.... ... ###..
.. ...


You could see Robin, a hobgoblin and 11 goblins.

Vanquished Creatures
  Jessica (D:2)
  A hound skeleton (D:2)
  An adder (D:2)
  An ooze (D:1)
  A dart slug (D:1)
  2 leopard geckos
  A giant cockroach (D:1)
  4 goblins
  6 hobgoblins (D:1)
  3 jackals (D:1)
  4 kobolds
  A bat (D:1)
  4 frilled lizards
  5 rats (D:1)
35 creatures vanquished.

Vanquished Creatures (others)
  A rat (D:1)
1 creature vanquished.

Grand Total: 36 creatures vanquished

Notes
Turn   | Place    | Note
-------+----------+-------------------------------------------
     0 | Abyss:1  | Manul the Spriggan Abyssal Knight began the quest for the Orb.
     0 | Abyss:1  | Reached XP level 1. HP: 11/11 MP: 3/3
    24 | Abyss:2  | Found a corrupted altar of Lugonu.
    58 | Abyss:2  | Noticed a neqoxec
    73 | Abyss:2  | Noticed a brown very ugly thing
    75 | Abyss:2  | Noticed a brown very ugly thing
    76 | Abyss:2  | Noticed a brown ugly thing
    78 | Abyss:2  | Noticed a brown ugly thing
   207 | Abyss:2  | Noticed a large abomination
   233 | Abyss:2  | Noticed an apocalypse crab
   251 | Abyss:2  | Noticed a wight
   254 | Abyss:2  | Noticed a tentacled starspawn
   259 | Abyss:2  | Noticed an ancient zyme
   260 | Abyss:2  | Noticed a thrashing horror
   274 | Abyss:2  | Found a corrupted altar of Lugonu.
   307 | Abyss:2  | Noticed a large abomination
   335 | Abyss:2  | Noticed a large abomination
   348 | Abyss:2  | Noticed an orange demon
   363 | Abyss:2  | Noticed an orange demon
   375 | Abyss:2  | Noticed a sixfirhy
   399 | Abyss:2  | Noticed a small abomination
   405 | D:1      | Escaped the Abyss
   449 | D:1      | Reached XP level 2. HP: 14/16 MP: 4/4
   595 | D:1      | Reached skill level 4 in Dodging
   719 | D:1      | Reached ** piety under Lugonu
   724 | D:1      | Reached XP level 3. HP: 19/19 MP: 5/5
   787 | D:1      | Reached skill level 1 in Stealth
  1889 | D:2      | Learned a level 1 spell: Animate Skeleton
  1896 | D:2      | Noticed Jessica
  1902 | D:2      | Killed Jessica
  1902 | D:2      | Reached XP level 4. HP: 24/24 MP: 6/6
  2091 | D:2      | Noticed Robin
  2104 | D:2      | Slain by a goblin

Vault maps used:
D:1:      dpeg_arrival_boxorama
D:2:      first_ration, uniq_terence, uniq_jessica, uniq_robin
Abyss:2:  onia_ninara_dug_in_and_dangerous

Skill      XL: |  1  2  3 |
---------------+----------+-----
Dodging        | 4 |  4.4
Stealth        | 2 |  2.3
Fighting       | 3 |  3.1
Short Blades   | 3 |  3.2
Throwing       | |  0.4
Invocations    | |  1.9

Action                   |  1- 3 |  4- 6 || total
-------------------------+-------+-------++-------
Melee: Short sword       |    93 |    18 ||   111
Throw: Stone             |    25 |       ||    25
  Use: Scroll            |     3 |       ||     3
       Potion            |     2 |     5 ||     7
 Stab: Invisible         |     4 |       ||     4
       Sleeping          |     4 |       ||     4
Armor: Robe              |     3 |     4 ||     7
       Skin              |       |     3 ||     3
Dodge: Dodged            |    72 |    39 ||   111

Table legend:
 A = Spawn XP
 B = Non-spawn XP
 C = Spawn XP percentage of total XP
 D = Spawn monster count
 E = Non-spawn monster count
 F = Spawn count percentage of total count
 G = Total turns spent on level
                    A         B        C        D         E        F      G
               +---------+---------+-------+---------+---------+-------+---------
         Total |       0 |     130 |   0.0 |       0 |      35 |   0.0 |  2104
               +---------+---------+-------+---------+---------+-------+---------
           D:1 |       0 |      53 |   0.0 |       0 |      28 |   0.0 |  1382
           D:2 |       0 |      77 |   0.0 |       0 |       7 |   0.0 |   317
               +---------+---------+-------+---------+---------+-------+---------
